 Dungeon Crawl Stone Soup version 0.25-a0-578-gc91f01c (webtiles) character file.

Game seed: 16719517000946515600, levelgen mode: deterministic

108 15 the Firebug (level 4, -18/32 HPs)
             Began as a Barachi Fire Elementalist on Mar 3, 2020.
             Killed from afar by a goblin (27 damage)
             ... with an exploding inner flame
             ... led by Robin
             ... hexed by the player character
             ... on level 2 of the Dungeon.
             The game lasted 00:06:15 (1592 turns).

15 the Firebug (Barachi Fire Elementalist)          Turns: 1592, Time: 00:06:16

Health: -18/32     AC:  2    Str: 10    XL:     4   Next: 87%
Magic:  1/8        EV: 13    Int: 16    God:
Gold:   61         SH:  0    Dex: 12    Spells: 1/8 levels left

rFire    . . .     SeeInvis .   l - +0 dagger
rCold    . . .     Gourm    .   (no shield)
rNeg     . . .     Faith    .   a - +0 robe
rPois    .         Spirit   .   (no helmet)
rElec    .         Reflect  .   (no cloak)
rCorr    .         Harm     .   (no gloves)
MR       .....                  (no boots)
Stlth    ++........             (no amulet)
HPRegen  0.10/turn              (no ring)
MPRegen  0.11/turn              (no ring)

@: very slightly contaminated, slow
A: +LOS, swims, slowness 1, strong legs 1
a: Hop


You were on level 2 of the Dungeon.
You were not hungry.

You visited 1 branch of the dungeon, and saw 2 of its levels.

You collected 61 gold pieces.

Inventory:

Hand Weapons
 l - a +0 dagger (weapon)
 m - a +0 whip of venom
Armour
 a - a +0 robe (worn)
Scrolls
 b - a scroll of amnesia {unknown}
 d - a scroll of noise {unknown}
 k - a scroll of remove curse
Potions
 g - 3 potions of curing
 h - a potion of heal wounds
 j - a potion of ambrosia
 n - a potion of mutation {unknown}
Comestibles
 c - 2 rations
 i - 3 chunks of flesh


   Skills:
 * Level 1.5 Fighting
 * Level 1.1 Armour
 * Level 2.9 Dodging
 + Level 2.0 Stealth
 * Level 2.9 Spellcasting
 * Level 2.0 Conjurations
 + Level 4.1 Fire Magic


You had one spell level left.
You knew the following spells:

 Your Spells              Type           Power        Failure   Level  Hunger
a - Foxfire               Conj/Fire      ##..         5%          1    #......
b - Conjure Flame         Conj/Fire      ##......     16%         3    ###....
c - Inner Flame           Hex/Fire       #.......     24%         3    ###....

Your spell library contained the following spells:

 Spells                   Type           Power        Failure   Level  Hunger
 Sticky Flame             Conj/Fire      ##......     47%         4    #####..
 Fireball                 Conj/Fire      ##........   83%         5    ######.


Dungeon Overview and Level Annotations

Branches:
Dungeon (2/15)

Altars:

Annotations:
D:2 Robin


Innate Abilities, Weirdness & Mutations

You can be seen from farther away. (+LOS)
You can swim through water.
You cover ground slowly.
You can hop short distances.


Message History

The goblin is heavily wounded.
The goblin hits you but does no damage. The goblin barely misses you.
Blink to where?
Press: ? - help, Dir - move target cursor
As you read the scroll of blinking, it crumbles to dust.
The goblin no longer looks unusually strong.
You see here a bat skeleton.
Really read the scroll of immolation?
As you read the scroll of immolation, it crumbles to dust.
The creatures around you are filled with an inner flame!
Casting: Foxfire (safe; 5% risk of failure)
Confirm with . or Enter, or press ? or * to list all spells.
You conjure some foxfire!
Robin roars a battlecry!
The goblin goes into a battle-frenzy!
The foxfire hits the goblin.
The goblin explodes!
The fiery explosion engulfs you!!
Ouch! That really hurt!
You die...

#.# #.##.#.#.#...# #..
##.# #.........#..# #..
##..# ####..†..##.)# #..
##.#.#####..........# #..
#.###............#.## #.#
##.#.#####.##.#..#.# #.#
##..# #.##.#..#.######.#
#..#####.##.#.((......#..
#......§@v....##.####.#.#
#.....##§##.###........#[
#####.##v##.###.#####.#.#
#.##g##.....# #.#.#
#.##.##.##### #.#..
#.##g##..# #.###
#.#..###.# #.# #.#g## #.#
#.# #.#g# #.# #.#


You could see Robin (inner flame), a hobgoblin and 2 goblins.

Vanquished Creatures
  Jessica (D:2)
  4 gnolls (D:2)
  A dart slug (D:1)
  A leopard gecko (D:1)
  5 bats
  A giant cockroach (D:1)
  8 goblins
  6 hobgoblins
  A ball python (D:1)
  6 frilled lizards
  4 kobolds
  3 rats
41 creatures vanquished.

Vanquished Creatures (others)
  91 foxfires
91 creatures vanquished.

Grand Total: 132 creatures vanquished

Notes
Turn   | Place    | Note
-------+----------+-------------------------------------------
     0 | D:1      | 15 the Barachi Fire Elementalist began the quest for the
                  | Orb.
     0 | D:1      | Reached XP level 1. HP: 13/13 MP: 3/3
   224 | D:1      | Reached XP level 2. HP: 8/19 MP: 1/5
   823 | D:2      | Reached skill level 1 in Fighting
   823 | D:2      | Reached XP level 3. HP: 5/26 MP: 3/6
   823 | D:2      | Reached skill level 4 in Fire Magic
   823 | D:2      | Reached XP level 4. HP: 6/32 MP: 3/8
   838 | D:2      | Learned a level 3 spell: Conjure Flame
   842 | D:2      | Learned a level 3 spell: Inner Flame
  1114 | D:2      | Noticed Jessica
  1124 | D:2      | Killed Jessica
  1124 | D:2      | Reached skill level 1 in Armour
  1568 | D:2      | Noticed Robin
  1592 | D:2      | Killed from afar by a goblin

Levels and vault maps discovered:
D:1:      evilmike_arrival_crescent, layout_rooms, minmay_split_cup_small
D:2:      layout_loops_ring, gammafunk_temple_overflow_wave, uniq_jessica,
          uniq_robin

Skill      XL: |  1  2  3  4 |
---------------+-------------+-----
Fighting       | 1 |  1.5
Fire Magic     | 4 |  4.1
Armour         | 1 |  1.1
Conjurations   | 2 |  2.0
Stealth        | 2 |  2.0
Dodging        | |  2.9
Spellcasting   | |  2.9

Action                   |  1- 3 |  4- 6 || total
-------------------------+-------+-------++-------
Melee: Unarmed           |    17 |       ||    17
       Whip              |     1 |     6 ||     7
       Dagger            |       |     3 ||     3
 Cast: Foxfire           |    37 |    24 ||    61
  Use: Scroll            |     5 |     5 ||    10
  Eat: Chunk             |     1 |     2 ||     3
Armor: Robe              |    15 |     3 ||    18
Dodge: Dodged            |    40 |    11 ||    51

Table legend:
 A = Non-vault XP
 B = Vault XP
 C = Vault XP percentage of total XP
 D = Non-vault monster count
 E = Vault monster count
 F = Vault count percentage of total count
                 A         B        C        D         E       F
            +---------+---------+-------+---------+---------+-------
      Total |     102 |      53 |  34.2 |      31 |      10 |  24.4
            +---------+---------+-------+---------+---------+-------
        D:1 |      26 |       4 |  13.3 |      16 |       3 |  15.8
        D:2 |      76 |      49 |  39.2 |      15 |       7 |  31.8
            +---------+---------+-------+---------+---------+-------
